 Dungeon Crawl Stone Soup version 0.29.1-13-g9f3cf754e1 (webtiles) character file.

Game seed: 14995595232759906243

1 bubby the Cudgeller (level 1, 0/19 HPs)
             Began as a Meteoran Cinder Acolyte on Jan 19, 2023.
             Was a High Priest of Ignis.
             Succumbed to an adder's poison
             ... on level 2 of the Dungeon.
             The game lasted 00:01:28 (110 turns).

bubby the Cudgeller (Meteoran Cinder Acolyte)        Turns: 110, Time: 00:01:29

Health: 0/19       AC:  2    Str: 15    XL:     1   Next: 28%
Magic:  3/3        EV: 11    Int: 15    God:    Ignis [*****.]
Gold:   7          SH:  0    Dex:  9    Spells: 2/2 levels left

rFire   + . .      SeeInvis .   a - -1 mace (flame)
rCold   . . .      Faith    .   (no shield)
rNeg    . . .      Spirit   .   b - +0 robe
rPois   .          Reflect  .   (no helmet)
rElec   .          Harm     .   (no cloak)
rCorr   .          Rampage  .   (no gloves)
Will    .....                   (no boots)
Stlth   +.........              (no amulet)
HPRegen 0.06/turn               (no ring)
MPRegen 0.08/turn               (no ring)

@: lethally poisoned (0 -> -2), glowing
A: sense surroundings 1, otherworldly, glowing, explore regen
a: Renounce Religion, Fiery Armour, Foxfire Swarm, Rising Flame


You were on level 2 of the Dungeon.
You worshipped Ignis.
Ignis was extremely pleased with you.
You visited 1 branch of the dungeon, and saw 2 of its levels.

You collected 7 gold pieces.

Inventory:

Hand Weapons
 a - a -1 mace of flaming (weapon)
Armour
 b - a +0 robe (worn)
Potions
 c - a potion of lignification {unknown}


   Skills:
 + Level 3.3 Fighting
 + Level 4.0 Maces & Flails
 + Level 1.4 Spellcasting
 + Level 3.6 Fire Magic


You had 2 spell levels left.
You didn't know any spells.
Your spell library contained the following spells:

 Spells                   Type           Power      Damage    Failure   Level
 Scorch                   Fire           24%        2d6       8%          2


Dungeon Overview and Level Annotations

Branches:
Dungeon (2/15) Zot: 1087

Altars:


Innate Abilities, Weirdness & Mutations

You passively map a small area around you.
You are easily found by Zot.
You glow in the dark.
You regain HP and MP as you explore.


Message History

You miss the frilled lizard. The frilled lizard bites you.
You miss the frilled lizard.
The frilled lizard bites you but does no damage.
You closely miss the frilled lizard. The frilled lizard closely misses you.
You sock the frilled lizard! You burn the frilled lizard.
You kill the frilled lizard!
Found 7 gold pieces.
c - a pink potion You now have 7 gold pieces.
A frilled lizard comes into view.
The frilled lizard hisses angrily.
The frilled lizard bites you.
You hit the frilled lizard but do no damage.
The frilled lizard closely misses you. The frilled lizard bites you.
You closely miss the frilled lizard.
The frilled lizard bites you but does no damage.
You sock the frilled lizard! You burn the frilled lizard.
You kill the frilled lizard!
You see here a frilled lizard corpse.
Found a stone staircase leading down.
There is a stone staircase leading down here.
You climb downwards.
The adder hisses angrily.
Found the +4 dagger "Morg" {pain, Will+ Int+5}.
There is a stone staircase leading up here.
You closely miss the adder. The adder bites you.
You barely miss the adder. The adder bites you.
You are poisoned.
The adder poisons you! The adder bites you but does no damage.
You miss the adder.
You feel sick. The adder bites you. x2
You closely miss the adder.
You feel sick. The adder bites you but does no damage.
You hit the adder. You burn the adder.
The adder is heavily wounded.
You feel sick. The adder bites you.
* * * LOW HITPOINT WARNING * * *
The adder bites you but does no damage.
You closely miss the adder.
The adder is heavily wounded.
You die...

,, ,# ,
, *, .
#+# , ,
)##.# **
* * , ,
...####
#.....#
#.....#
#.....#
,
*#@<...#
*
#S....#
*,
#.....#
* *
##.####
, * #.#
*, ..# *
###


You could see an adder.

Vanquished Creatures
  2 frilled lizards (D:1)
2 creatures vanquished.

Notes
Turn   | Place    | Note
-------+----------+-------------------------------------------
     0 | D:1      | bubby the Meteoran Cinder Acolyte began the quest for the
                  | Orb.
     0 | D:1      | Reached XP level 1. HP: 19/19 MP: 3/3
   103 | D:2      | Found the +4 dagger "Morg" {pain, Will+ Int+5}
   110 | D:2      | Succumbed to an adder's poison

Illustrated notes

Levels and vault maps discovered:
D:1:      saegor_arrival_fortress, layout_basic, corexii_leaking_fountain
D:2:      layout_basic, uniq_robin

Action                   || total
-------------------------++-------
Melee: Mace              ||    13
Armor: Robe              ||     5
Dodge: Dodged            ||     2
